 Dungeon Crawl Stone Soup version 0.31-a0-819-gf6de2f5ab6 (webtiles) character file.

Game seed: 8845520375955710288

87 qw the Shooter (level 4, -3/28 HPs)
             Began as a Gargoyle Hunter on Sept 23, 2023.
             Slain by a gnoll
             ... wielding a +0 halberd
              (9 damage)
             ... on level 3 of the Dungeon.
             The game lasted 00:00:33 (1754 turns).

qw the Shooter (Gargoyle Hunter)                    Turns: 1754, Time: 00:00:33

Health: -3/28      AC:  8    Str: 15    XL:     4   Next: 51%
Magic:  4/4        EV: 11    Int:  9    God:
Gold:   129        SH:  0    Dex: 15    Spells: 3/3 levels left

rFire   . . .        Y - +0 shortbow
rCold   . . .        (shield currently unavailable)
rNeg    + . .        h - +0 ring mail
rPois   inf          (no helmet)
rElec   +            (no cloak)
rCorr   .            (no gloves)
SInv    .            (no boots)
Will    .....        (no amulet)
Stlth   +            (no ring)
HPRegen 0.24/turn    (no ring)
MPRegen 0.09/turn

%: no passive effects
@: about to teleport
A: sickness immunity, AC +3, negative energy resistance 1, electricity
resistance, torment resistance 1, petrification resistance
a: no special abilities


You were on level 3 of the Dungeon.
You visited 1 branch of the dungeon, and saw 3 of its levels.

You collected 129 gold pieces.


Innate Abilities, Weirdness & Mutations

You are immune to sickness and miasma.
Your stone body is resilient. (AC +3)
You are immune to poison.
You resist negative energy. (rN+)
You are resistant to electric shocks. (rElec)
You are resistant to unholy torment.
You are immune to petrification.


   Skills:
 - Level 3.3 Fighting
 + Level 5.1 Ranged Weapons
 - Level 1.0 Armour
 - Level 1.5 Dodging
 - Level 1.1 Stealth


You had 3 spell levels left.
You didn't know any spells.
Your spell library was empty.

Inventory:

Hand Weapons
 Y - a +0 shortbow (weapon)
Armour
 h - a +0 ring mail (worn)
Scrolls
 b - a scroll of enchant weapon {unknown}
 j - 2 scrolls of identify
Potions
 d - a potion of might {unknown}
 e - a potion of degeneration {unknown}
 f - a potion of enlightenment {unknown}
 g - a potion of heal wounds {unknown}
 i - a potion of lignification {unknown}

Dungeon Overview and Level Annotations

Branches:
Dungeon (3/15)

Altars:
Ashenzari


Message History

The ball python closely misses you. The ball python misses you.
The gnoll shouts!
You shoot an arrow.
The arrow barely misses the ball python.
The arrow closely misses the goblin.
The ball python barely misses you. The ball python grabs you.
The ball python constricts you.
You shoot an arrow.
The arrow barely misses the ball python.
The ball python bites you but does no damage.
The ball python constricts you.
The ball python bites you but does no damage.
The ball python constricts you.
You shoot an arrow.
The arrow closely misses the ball python.
The ball python barely misses you. The ball python constricts you.
You shoot an arrow.
The arrow barely misses the ball python.
The ball python closely misses you. The ball python constricts you.
The ball python bites you. The ball python constricts you.
You shoot an arrow.
The arrow closely misses the ball python.
The arrow hits the gnoll.
The gnoll is moderately wounded.
The ball python closely misses you. The ball python constricts you.
The gnoll hits you from afar with a +0 halberd!
You shoot an arrow. The arrow hits the ball python!
You kill the ball python!
The gnoll hits you from afar with a +0 halberd.
The goblin hits you but does no damage. The gnoll closely misses you.
You shoot an arrow. The arrow barely misses the goblin.
The arrow hits the gnoll.
The gnoll is severely wounded.
The goblin hits you with a +0 club. The gnoll misses you.
1754 ||| READING scroll of teleportation.
As you read the scroll of teleportation, it crumbles to dust.
You feel strangely unstable. The goblin closely misses you.
The gnoll hits you from afar with a +0 halberd!
You die...

..#..##........#
#.#
#.#..####[..#.##
#.#
#.#.....'...+.#
#.#
#.#.....#...#.#
#.#
.....<..#...#.#
#.#
#.#.....#...#.#
#.#
#.#...###..>#
#.# #.###.#
#...# ####.#
......# #...#
#.@..# ..#.#.#
##### #g####
###.#.#


.gg #.#.# ###. #.#.. .. #.### #. #.# #. #.# ## ..# You could see 2 gnolls and a
goblin.

Vanquished Creatures
  A jelly (D:3)
  3 adders (D:3)
  2 dart slugs
  An orc (D:3)
  6 ball pythons
  4 endoplasms
  A giant cockroach (D:1)
  2 goblins
  A hobgoblin (D:3)
  2 jackals (D:2)
  A bat (D:3)
  4 frilled lizards (D:1)
28 creatures vanquished.

Notes
Turn   | Place    | Note
-------+----------+-------------------------------------------
     0 | D:1      | qw the Gargoyle Hunter began the quest for the Orb.
     0 | D:1      | Reached XP level 1. HP: 12/12 MP: 1/1
     0 | D:1      | 0 ||| qw: Version: 0.3-a-83-gcd0e7d8
     0 | D:1      | 0 ||| qw: Game counter: 1649
     0 | D:1      | 0 ||| qw: Melee chars always use a shield: true
     0 | D:1      | 0 ||| qw: God list: Okawaru
     0 | D:1      | 0 ||| qw: Allow faded altars: false
     0 | D:1      | 0 ||| qw: Do Orc after clearing Dungeon:15 true
     0 | D:1      | 0 ||| qw: Do second Lair branch before Depths: true
     0 | D:1      | 0 ||| qw: Lair rune preference: random
     0 | D:1      | 0 ||| qw: Goals: Normal
     0 | D:1      | 0 ||| PLANNING D:1-11
   393 | D:1      | Reached XP level 2. HP: 17/17 MP: 2/2
   855 | D:1      | 855 ||| UPGRADING to +0 ring mail.
   865 | D:1      | 865 ||| DROPPING +0 leather armour.
   866 | D:1      | 866 ||| READING 2 scrolls labelled FOAPSU VINWY.
   871 | D:1      | 871 ||| READING 2 scrolls labelled QOMUCA WADI.
   872 | D:1      | 872 ||| READING scroll labelled NYDAFEP KUCLOQ.
   873 | D:1      | 873 ||| DROPPING scroll of butterflies.
  1113 | D:2      | Reached skill level 1 in Armour
  1417 | D:2      | 1417 ||| READING scroll labelled FOIDOSEXIFF.
  1418 | D:2      | 1418 ||| READING 2 scrolls of identify.
  1418 | D:2      | 1418 ||| IDENTIFYING fuming orange potion
  1419 | D:2      | 1419 ||| DROPPING potion of berserk rage.
  1488 | D:3      | Reached XP level 3. HP: 17/21 MP: 3/3
  1516 | D:3      | Reached skill level 5 in Ranged Weapons
  1521 | D:3      | Found a broken altar of Ashenzari.
  1650 | D:3      | Reached skill level 3 in Fighting
  1650 | D:3      | Reached XP level 4. HP: 28/28 MP: 4/4
  1717 | D:3      | Identified the +2 chain mail "Tearuhis" {Harm MP+9 Dex+3}
  1753 | D:3      | HP: 5/28 [goblin/+0 club (4)]
  1754 | D:3      | 1754 ||| READING scroll of teleportation.
  1754 | D:3      | Slain by a gnoll

Levels and vault maps discovered:
D:1:      sevenhm_arrival_forest_fort_small_6, layout_basic
D:2:      layout_loops_ring
D:3:      layout_basic, evilmike_ruin_ashenzari, grunt_ministairs_9

Skill      XL: |  1  2  3 |
---------------+----------+-----
Armour         | 1 |  1.0
Ranged Weapons | 5 |  5.1
Fighting       | 3 |  3.3
Dodging        | |  1.5
Stealth        | |  1.1

Action                     |  1- 3 |  4- 6 || total
---------------------------+-------+-------++-------
   Fire: Shortbow          |   103 |    17 ||   120
    Use: Scroll            |     5 |     1 ||     6
 Armour: Leather armour    |    10 |       ||    10
         Ring mail         |    31 |     9 ||    40
  Dodge: Dodged            |    35 |    10 ||    45

Table legend:
 A = Non-vault XP
 B = Vault XP
 C = Vault XP percentage of total XP
 D = Non-vault monster count
 E = Vault monster count
 F = Vault count percentage of total count
                 A         B        C        D         E       F
            +---------+---------+-------+---------+---------+-------
      Total |     125 |       0 |   0.0 |      28 |       0 |   0.0
            +---------+---------+-------+---------+---------+-------
        D:1 |      16 |       0 |   0.0 |       9 |       0 |   0.0
        D:2 |      16 |       0 |   0.0 |       8 |       0 |   0.0
        D:3 |      93 |       0 |   0.0 |      11 |       0 |   0.0
            +---------+---------+-------+---------+---------+-------
